 Dungeon Crawl Stone Soup version 0.16.1 (webtiles) character file.

728 Crackedtooth the Covered (level 7, 0/69 HPs)
             Began as a Demonspawn Berserker on Mar 23, 2015.
             Was a Priest of Trog.
             Succumbed to a worker ant's poison
             ... on level 5 of the Dungeon.
             The game lasted 00:35:57 (4653 turns).

Crackedtooth the Covered (Demonspawn Berserker)     Turns: 4653, Time: 00:35:57

Health: 0/69       AC: 23    Str: 19    XL:     7   Next: 44%
Magic:  7/7        EV:  2    Int: 10    God:    Trog [***...]
Gold:   102        SH:  0    Dex: 13    Spells: 0 memorised, 6 levels left

rFire  . . .     SeeInvis .     t - +2 war axe (chop)
rCold  . . .     Clarity  +     u - melded +0 scale mail
rNeg   + + +     SustAb   .     (no shield)
rPois  +         Gourm    .     (helmet currently unavailable)
rElec  .         Spirit   .     i - melded +0 cloak
rCorr  .         Warding  .     (gloves currently unavailable)
rMut   .         NoTele   +     (boots currently unavailable)
MR     .....                    (no amulet)
Stlth  ..........               (no ring)
                                n - ring of loudness (curse)

@: lethally poisoned (0 -> -5), tree-form, not resistant to hostile
enchantments, extremely unstealthy
A: clarity, clever 1, (fire resistance 0), frail 1, (spiny 0), evolution 1,
flame cloud immunity
a: Burn Spellbooks, Berserk, Trog's Hand, Renounce Religion


You were on level 5 of the Dungeon.
You worshipped Trog.
Trog was most pleased with you.
You were very full.
You were a tree.
You visited 1 branch of the dungeon, and saw 4 of its levels.

You collected 166 gold pieces.
You spent 64 gold pieces at shops.

Inventory:

Hand weapons
 a - a +2 mace
 d - a +0 hunting sling
 g - a +1 vampiric short sword
 t - a +2 war axe of chopping (weapon)
Missiles
 e - 120 stones (quivered)
Armour
 i - a +0 cloak (melded)
 u - a +0 scale mail (melded)
Jewellery
 n - a cursed ring of loudness (left branch)
Magical devices
 b - a wand of flame (20)
 p - a wand of magic darts (11)
Scrolls
 h - 3 scrolls of remove curse
 m - a scroll of identify
 r - 4 scrolls of teleportation
Potions
 q - 3 potions of magic
Comestibles
 c - a bread ration
 k - a slice of pizza


   Skills:
 - Level 3.6 Fighting
 * Level 4.5(5.1) Axes
 - Level 3.3(4.5) Maces & Flails
 + Level 0.5 Throwing
 + Level 5.1 Armour
 - Level 2.0 Dodging


You had 6 spell levels left.
You didn't know any spells.

Dungeon Overview and Level Annotations

Branches:
Dungeon (5/15)
 Temple: D:4-7

Altars:

Shops:
D:5 *


Innate Abilities, Weirdness & Mutations

((Your flesh is heat resistant.))
((You are partially covered in sharp spines.))
You are immune to clouds of flame.
You possess an exceptional clarity of mind.
Your mind is acute. (Int +2)
You are frail (-10% HP).
You evolve.


Message History

You are too injured to fight recklessly!
You cannot move.
You are too injured to fight recklessly!
You are too injured to fight recklessly!
You are too injured to fight recklessly!
You are too injured to fight recklessly!
You are too injured to fight recklessly!
You are too injured to fight recklessly!
You cannot move.
You cannot move.
You cannot move.
You cannot move.
You cannot move.
You cannot move.
You cannot move.
You cannot move.
* * * LOW HITPOINT WARNING * * *
You feel sick.
You continue eating.
You die...

+............##.#...##'##.......
#............##.#...........###>
#...##'##'#####.#...........#.#.
##...#.........#.'...........+.'.
.....'.........#.#...........#.#.
##...#.....<...#.#...###.....#.##
##...#.........+.'...'.+.....'...
.....'.........#(#...#'#.....#...
.....#..........♣............#...
###'##.......................#..#
#............................#..#
'..............#'##'#.(......#..'
#.............(#..#.'........'..#
.#####..(......)..#.#........#..#
.# .........#(.'.#........#... .#
.......(.######........#### ##
########## ##########


There were no monsters in sight!

Vanquished Creatures
  Grinder (D:3)
  A scorpion (D:5)
  The ghost of sugabear the Shield-Bearer, a weakling GrFi (D:3)
  A hound (D:5)
  3 jellies (D:5)
  2 worker ants (D:5)
  A giant frog zombie (D:5)
  An orc wizard (D:3)
  Natasha (thrice) (D:3)
  An iron imp (D:3)
  Jessica (D:2)
  5 adders
  A shadow imp (D:3)
  2 worms
  4 giant geckos
  An ooze (D:5)
  3 orcs (D:3)
  2 ball pythons
  8 bats
  5 giant cockroaches
  5 hobgoblins
  7 kobolds
  3 giant newts
  8 goblins
  A quokka (D:2)
  4 rats
75 creatures vanquished.

Notes
Turn   | Place    | Note
--------------------------------------------------------------
     0 | D:1      | Crackedtooth, the Demonspawn Berserker, began the quest for the Orb.
     0 | D:1      | Reached XP level 1. HP: 18/18 MP: 1/1
   493 | D:1      | Gained mutation: Your flesh is heat resistant. [demonic ancestry]
   493 | D:1      | Reached XP level 2. HP: 20/24 MP: 2/2
  1133 | D:2      | Reached XP level 3. HP: 24/29 MP: 3/3
  1215 | D:2      | Acquired Trog's second power
  1257 | D:2      | Noticed Jessica
  1266 | D:2      | Killed Jessica
  1805 | D:2      | Gained mutation: You are immune to clouds of flame. [demonic ancestry]
  1805 | D:2      | Reached XP level 4. HP: 36/36 MP: 4/4
  1878 | D:2      | Reached skill level 1 in Axes
  2271 | D:3      | Noticed Grinder
  2278 | D:3      | Killed Grinder
  2278 | D:3      | Reached skill level 4 in Armour
  2278 | D:3      | Reached XP level 5. HP: 34/41 MP: 5/5
  2278 | D:3      | Gained mutation: You are partially covered in sharp spines. [demonic ancestry]
  2278 | D:3      | Reached XP level 6. HP: 38/47 MP: 6/6
  2326 | D:3      | Noticed sugabear's ghost (weakling GrFi)
  2340 | D:3      | Killed sugabear's ghost
  2547 | D:3      | Noticed Natasha
  2554 | D:3      | Killed Natasha
  2636 | D:3      | Noticed Natasha
  2645 | D:3      | Killed Natasha
  2654 | D:3      | Noticed Natasha
  2659 | D:3      | Killed Natasha
  2870 | D:3      | You fall through a shaft for 2 floors!
  2870 | D:5      | Entered Level 5 of the Dungeon
  3718 | D:5      | Reached XP level 7. HP: 28/52 MP: 7/7
  3879 | D:5      | Reached skill level 5 in Armour
  4268 | D:5      | Found Braph's General Store.
  4292 | D:5      | Bought a potion of mutation for 32 gold pieces
  4292 | D:5      | Bought a potion of mutation for 32 gold pieces
  4293 | D:5      | Gained mutation: Your mind is acute. (Int +2) [potion of mutation]
  4293 | D:5      | Gained mutation: You possess an exceptional clarity of mind. [potion of mutation]
  4293 | D:5      | Gained mutation: You evolve. [potion of mutation]
  4301 | D:5      | Gained mutation: You are frail (-10% HP). [potion of mutation]
  4650 | D:5      | HP: 2/46 [poisoned by a worker ant]
  4653 | D:5      | Succumbed to a worker ant's poison

Action                   |  1- 3 |  4- 6 |  7- 9 || total
-------------------------+-------+-------+-------++-------
Melee: Mace              |    63 |       |       ||    63
       War axe           |     7 |   106 |    30 ||   143
Throw: Stone             |       |       |    55 ||    55
  Use: Scroll            |     6 |     4 |       ||    10
       Potion            |     3 |     5 |     5 ||    13
  Eat: Bread ration      |     1 |       |     1 ||     2
       Fruit             |       |     4 |       ||     4
       Meat ration       |       |     1 |       ||     1
       Pizza             |       |       |     1 ||     1
